 Dungeon Crawl Stone Soup version 0.23-a0-416-g33f1def (webtiles) character file.

25 JeffiDaFish the Grave Robber (level 2, -2/15 HPs)
             Began as a Deep Elf Necromancer on Nov 10, 2018.
             Slain by a worm (6 damage)
             ... on level 2 of the Dungeon.
             The game lasted 00:03:15 (1039 turns).

JeffiDaFish the Grave Robber (Deep Elf Necromancer) Turns: 1039, Time: 00:03:16

Health: -2/15      AC:  5    Str:  5    XL:     2   Next: 86%
Magic:  0/8        EV: 13    Int: 19    God:
Gold:   75         SH:  0    Dex: 15    Spells: 7/8 levels left

rFire    . . .     SeeInvis .   d - +0 dagger
rCold    . . .     Gourm    .   (no shield)
rNeg     . . .     Faith    .   a - +0 robe
rPois    .         Spirit   .   (no helmet)
rElec    .         Reflect  .   (no cloak)
rCorr    .         Harm     .   (no gloves)
MR       .....                  b - +2 pair of boots {Stlth+}
Stlth    +++.......             (no amulet)
HPRegen  0.05/turn              (no ring)
MPRegen  0.11/turn              (no ring)

@: no status effects
A: no striking features
a: no special abilities


You were on level 2 of the Dungeon.
You were not hungry.

You visited 1 branch of the dungeon, and saw 2 of its levels.

You collected 75 gold pieces.

Inventory:

Hand Weapons
 d - a +0 dagger (weapon)
Armour
 a - a +0 robe (worn)
 b - a +2 pair of boots of stealth (worn)
Potions
 e - a potion of resistance
Comestibles
 c - 3 rations
 f - 2 chunks of flesh


   Skills:
 + Level 2.9 Dodging
 - Level 2.4 Stealth
 + Level 3.5 Spellcasting
 * Level 5.4 Necromancy


You had 7 spell levels left.
You knew the following spells:

 Your Spells              Type           Power        Failure   Level  Hunger
a - Pain                  Necr           ###.         1%          1    None

Your spell library contained the following spells:

 Spells                   Type           Power        Failure   Level  Hunger
 Animate Skeleton         Necr           N/A          1%          1    None
 Vampiric Draining        Necr           ###.......   4%          3    ###....
 Regeneration             Chrm/Necr      ##........   14%         3    ###....
 Animate Dead             Necr           N/A          16%         4    ####...


Dungeon Overview and Level Annotations

Branches:
Dungeon (2/15)

Altars:


Message History

The helpless worm fails to defend itself.
You puncture the worm!
The worm is heavily wounded.
The goblin shouts!
The worm misses you.
You hit the worm but do no damage.
The worm is moderately wounded.
Casting: Pain (safe; 1% risk of failure)
Confirm with . or Enter, or press ? or * to list all spells.
Aiming: Pain (safe; 1% risk of failure)
Press: ? - help, Shift-Dir - straight line, f - worm
Aim: a worm (moderately wounded, chance to defeat MR: 88%)
The worm barely resists.
The worm misses you.
Casting: Pain (safe; 1% risk of failure)
Confirm with . or Enter, or press ? or * to list all spells.
Aiming: Pain (safe; 1% risk of failure)
Press: ? - help, Shift-Dir - straight line, f/p - worm
Aim: a worm (moderately wounded, chance to defeat MR: 88%)
The worm writhes in agony!
The worm bites you.
You die...

..............#.#
...$......#####.#
..........#####.#
########+###....#
#.#### #....# #
#.##.# #.######.#
#gw@....(#
##########


You could see a worm and a goblin.

Vanquished Creatures
  An adder (D:2)
  A dart slug (D:1)
  A bat (D:1)
  3 giant cockroaches (D:1)
  A goblin (D:1)
  A hobgoblin (D:1)
  3 kobolds
  4 rats (D:1)
15 creatures vanquished.

Notes
Turn   | Place    | Note
-------+----------+-------------------------------------------
     0 | D:1      | JeffiDaFish the Deep Elf Necromancer began the quest for
                  | the Orb.
     0 | D:1      | Reached XP level 1. HP: 10/10 MP: 6/6
   197 | D:1      | Reached skill level 5 in Necromancy
   371 | D:1      | Reached XP level 2. HP: 8/15 MP: 2/8
  1039 | D:2      | Slain by a worm

Vault maps used:
D:1:      minmay_arrival_solitary_statue, minmay_quantized
D:2:      marbit_many_paths, uniq_natasha

Skill      XL: |  1 |
---------------+----+-----
Necromancy     | 5 |  5.4
Dodging        | |  2.9
Stealth        | |  2.4
Spellcasting   | |  3.5

Action                   || total
-------------------------++-------
Melee: Dagger            ||    15
 Cast: Pain              ||    29
  Use: Scroll            ||     2
       Potion            ||     2
 Stab: Sleeping          ||     4
Armor: Robe              ||     3
Dodge: Dodged            ||    10

Table legend:
 A = Non-vault XP
 B = Vault XP
 C = Vault XP percentage of total XP
 D = Non-vault monster count
 E = Vault monster count
 F = Vault count percentage of total count
                 A         B        C        D         E       F
            +---------+---------+-------+---------+---------+-------
      Total |      27 |      10 |  27.0 |      10 |       5 |  33.3
            +---------+---------+-------+---------+---------+-------
        D:1 |      12 |      10 |  45.5 |       8 |       5 |  38.5
        D:2 |      15 |       0 |   0.0 |       2 |       0 |   0.0
            +---------+---------+-------+---------+---------+-------
